 Dungeon Crawl Stone Soup version 0.17.1-3-g152610e (webtiles) character file.

83 inmateoo the Poker (level 4, -8/30 HPs)
             Began as an Octopode Gladiator on Feb 21, 2016.
             Mangled by an ogre
             ... wielding a +0 giant spiked club
              (15 damage)
             ... on level 3 of the Dungeon.
             The game lasted 00:02:12 (2023 turns).

inmateoo the Poker (Octopode Gladiator)             Turns: 2023, Time: 00:02:13

Health: -8/30      AC:  2    Str: 15    XL:     4   Next: 44%
Magic:  4/4        EV: 13    Int: 10    God:
Gold:   98         SH:  0    Dex: 12    Spells: 0 memorised, 3 levels left

rFire  + . .     SeeInvis .     f - +2 short sword (venom)
rCold  . . .     Clarity  .     (no shield)
rNeg   . . .     SustAt   .     b - +1 hat
rPois  .         Gourm    .     (no amulet)
rElec  .         Spirit   .     j - ring of protection from fire
rCorr  .         Warding  .     (no ring)
rMut   .         Stasis   .     (no ring)
MR     .....                    (no ring)
Stlth  ++........               (no ring)
                                (no ring)
                                (no ring)
                                (no ring)

@: not resistant to hostile enchantments, unstealthy
A: almost no armour, amphibious, 8 rings, constrict 8, camouflage 1, gelatinous
body 1
a: no special abilities


You were on level 3 of the Dungeon.
You were hungry.

You visited 1 branch of the dungeon, and saw 3 of its levels.

You collected 98 gold pieces.

Inventory:

Hand Weapons
 a - a +0 trident
 f - a +2 short sword of venom (weapon)
 l - a +0 dagger of venom
Missiles
 c - 3 throwing nets (quivered)
Armour
 b - a +1 hat (worn)
Jewellery
 j - a ring of protection from fire (left tentacle)
Scrolls
 h - a scroll of teleportation
 i - a scroll of identify
 k - a scroll of magic mapping {unknown}
 m - a scroll of remove curse {unknown}
Potions
 g - a potion of brilliance
Comestibles
 d - 3 bread rations


   Skills:
 + Level 2.9 Fighting
 * Level 4.2 Polearms
 - Level 2.0 Throwing
 + Level 3.4 Dodging


You had 3 spell levels left.
You didn't know any spells.

Dungeon Overview and Level Annotations

Branches:
Dungeon (3/15)

Altars:
Elyvilon
Gozag
Sif Muna


Innate Abilities, Weirdness & Mutations

You cannot wear most types of armour.
You are amphibious.
You can wear up to eight rings at the same time.
You can use your tentacles to constrict eight enemies at once.
Your skin changes colour to match your surroundings (Stealth).
Your rubbery body absorbs attacks (AC +1).


Message History

Your surroundings seem slightly different.
Read which item? (? for menu, Esc to quit)
As you read the scroll labeled LIYTINEUNO, it crumbles to dust.
It is a scroll of enchant armour.
Enchant which item? (? for menu, Esc to quit)
Your +0 hat glows green for a moment.
Read which item? (? for menu, Esc to quit)
As you read the scroll labeled EJORAHI CIFUFE, it crumbles to dust.
It is a scroll of identify.
Identify which item? (\ to view known items) (? for menu, Esc to quit)
g - a potion of brilliance You hit the ogre but do no damage.
The ogre is poisoned.
The ogre hits you with a giant spiked club!!
Ouch! That really hurt!
* * * LOW HITPOINT WARNING * * *
You puncture the ogre!
The ogre looks even sicker.
You squeeze the ogre!
The ogre is severely wounded.
The ogre hits you with a giant spiked club!
Ouch! That really hurt!
You die...

.......#####+#
.................#
.................##
..................#
.†................#
..................#
..................#
......†...........#
#######..†.....O@.#
.# #...........# ##
#######'#+#.#
########## #.# #.#
.........####O# #.#
............#.# #.#
........... #.# #.#
.........# #.# #.#
.....#...# .#.# #.#


You could see an ogre.

Vanquished Creatures
  An adder (D:2)
  3 oozes
  2 worms
  2 giant geckos (D:1)
  A giant cockroach (D:1)
  5 goblins
  5 hobgoblins
  2 ball pythons (D:1)
  9 bats
  4 giant newts
  3 jackals (D:1)
  8 kobolds
  14 rats
59 creatures vanquished.

Notes
Turn   | Place    | Note
--------------------------------------------------------------
     0 | D:1      | inmateoo the Octopode Gladiator began the quest for the Orb.
     0 | D:1      | Reached XP level 1. HP: 14/14 MP: 1/1
   311 | D:1      | Reached XP level 2. HP: 19/19 MP: 2/2
   587 | D:1      | Reached XP level 3. HP: 18/25 MP: 3/3
  1112 | D:2      | Found an opulent altar of Gozag.
  1113 | D:2      | Found a deep blue altar of Sif Muna.
  1115 | D:2      | Found a white marble altar of Elyvilon.
  1415 | D:2      | Reached skill level 4 in Polearms
  1438 | D:2      | Reached XP level 4. HP: 28/30 MP: 4/4
  2014 | D:3      | Noticed an ogre
  2023 | D:3      | Mangled by an ogre

Action                   |  1- 3 |  4- 6 || total
-------------------------+-------+-------++-------
Melee: Trident           |    13 |       ||    13
       Short sword       |    65 |    30 ||    95
  Use: Scroll            |       |     3 ||     3
 Stab: Sleeping          |     9 |     2 ||    11
  Eat: Chunk             |     2 |     1 ||     3
